Cogmind - Beta 10.2 @@@ ROGUE MODE // 2021.02.09 @ 22:32:05 Player: ILikeVoltron Result: Self-destructed Performance ------------- Evolutions (1) 500 Regions Visited (2) 400 Robots Destroyed (19) 95 Value Destroyed (417) 417 Prototype IDs (1) 20 Alien Tech Used (0) 0 Bonus (0) 0 TOTAL SCORE: 1432 Bonus ------- None Cogmind --------- Core Integrity 308/400 Matter 194/300 Energy 265/265 System Corruption 0% Temperature Cool (0) Movement Walking (120) Location -9/Materials Parts ------- > --- POWER (1) -------- Improved Ion Engine > --- PROPULSION (2) --- Carbon-fiber Leg Carbon-fiber Leg > --- UTILITY (4) ------ Large Storage Unit Sensor Array Improved Terrain Scanner > --- WEAPON (2) ------- Assault Rifle Light Assault Rifle > --- INVENTORY (10) --- Light Ion Engine Carbon-fiber Leg Improved Flight Unit Improved Flight Unit Improved Heat Sink Large Storage Unit Medium Matter Pod (0) High-capacity Matter Pod (0) High-capacity Matter Pod (0) Shield Generator Peak State ------------ > --- POWER ------------ Ion Engine > --- PROPULSION ------- Carbon-fiber Leg Carbon-fiber Leg > --- UTILITY ---------- Small Storage Unit Sensor Array Improved ECM Suite Improved ECM Suite > --- WEAPON ----------- Small Laser Assault Rifle > --- INVENTORY -------- Light Ion Engine Aluminum Leg Improved Heat Sink Improved Terrain Scanner EM Pulse Gun Particle Gun [Rating: 18] Favorites ----------- Power Ion Engine Engine Ion Engine Propulsion Carbon-fiber Leg Leg Carbon-fiber Leg Flight Unit Improved Flight Unit Utility Sensor Array Device Sensor Array Storage Small Storage Unit Protection Light Armor Plating Weapon Assault Rifle Energy Gun Small Laser Ballistic Gun Assault Rifle Build | -11 -10 -9 ------- Run | Scr Mat Mat Slots Evolved 2 | . . 2 Power . | . . . Propulsion . | . . . Utility 2 | . . 2 Weapon . | . . . Parts Attached 26 | 1 4 21 Power 3 | . 1 2 Engine 3 | . 1 2 Core . | . . . Reactor . | . . . Propulsion 8 | . 1 7 Treads . | . . . Leg 6 | . 1 5 Wheel . | . . . Hover . | . . . Flight 2 | . . 2 Utility 9 | 1 1 7 Device 5 | 1 1 3 Storage 2 | . . 2 Processor . | . . . Hackware . | . . . Protection 2 | . . 2 Artifact . | . . . Weapon 6 | . 1 5 Energy Gun 4 | . 1 3 Energy Cannon . | . . . Ballistic Gun 2 | . . 2 Ballistic Cannon . | . . . Launcher . | . . . Special Weapon . | . . . Impact Weapon . | . . . Slashing Weapon . | . . . Piercing Weapon . | . . . Special Melee Weapon . | . . . Unidentified Prototypes 1 | . . 1 Parts Lost 5 | . 1 4 Power 1 | . . 1 Propulsion . | . . . Utility . | . . . Weapon 4 | . 1 3 Highest Loss Streak 2 | . 1 2 Average Slot Usage (%) 98 | . 98 98 Engine 11 | . 14 10 Leg 22 | . 28 21 Device 21 | . 14 23 Storage 13 | . 14 13 Protection 4 | . . 5 Energy Gun 8 | . 12 8 Ballistic Gun 13 | . 14 13 Naked Turns . | . . . Heaviest Build 31 | 13 13 31 Greatest Support 30 | 20 20 30 Greatest Overweight (x) 5 | . . 5 Average Overweight (x) . | . . . Largest Inventory Capacity 10 | 6 6 10 Average Capacity 6 | 6 6 6 Most Carried 10 | 6 6 10 Average Carried 5 | 6 5 6 Final Capacity 10 | 6 6 10 Final Carried 10 | 6 6 10 Class Distribution -------------------- 61% | Scavenger-Mutant 38% | Mutant Dominant Class ---------------- Mutant | -10/Materials Scavenger-Mutant | -9/Materials Resources | -11 -10 -9 ----------- Run | Scr Mat Mat Matter Collected 691 | 231 70 390 Remotely . | . . . Salvage Created 730 | 116 121 493 Parts 50 | 4 15 31 Haulers Intercepted . | . . . Recyclers Shooed . | . . . Parts Field Recycled . | . . . Retrieved Matter . | . . . Parts Self-Destructed . | . . . Prevented . | . . . Kills | -11 -10 -9 ------- Run | Scr Mat Mat Combat Hostiles Destroyed 12 | . 2 10 Guns 12 | . 2 10 Classes Destroyed 7 | 2 2 3 Worker 1 | . . 1 Tunneler 1 | 1 . . Recycler 2 | 1 . 1 Watcher 3 | . 2 1 Swarmer 4 | . . 4 Grunt 7 | . 2 5 Sentry 1 | . . 1 Best Kill Streak 6 | 2 2 6 Combat Bots Only 3 | . 1 3 Max Kills in Single Turn 2 | 2 1 1 Gunslinging . | . . . Exploded . | . . . Melee . | . . . Uniques/NPCs Destroyed . | . . . Combat | -11 -10 -9 -------- Run | Scr Mat Mat Damage Taken 1166 | . 379 787 Core 173 | . 81 92 Absorbed by Shields . | . . . Core Remaining (%) 83 | 100 67 . Volleys Fired 116 | 7 26 83 Largest 2 | 2 2 2 Hottest 60 | 60 60 60 Shots Fired 175 | 14 43 118 Gun 175 | 14 43 118 Cannon . | . . . Launcher . | . . . Special . | . . . Kinetic 132 | 7 26 99 Thermal 41 | 7 17 17 Explosive . | . . . Electromagnetic 2 | . . 2 Robot Hit Streak 11 | 6 9 11 Robot Miss Streak 4 | 2 4 4 Penetration Max . | . . . Secondary Targets 1 | . . 1 Max Gunslinging Chain 1 | . . 1 Shots Hit Robots 86 | 11 25 50 Core Hits 32 | 3 7 22 Critical Hits 1 | . . 1 Critical Kills 1 | . . 1 Critical Parts Destroyed . | . . . Melee Attacks . | . . . Impact . | . . . Slashing . | . . . Piercing . | . . . Sneak Attacks . | . . . Combat Hostiles . | . . . Follow-up Attacks . | . . . Damage Inflicted 1013 | 143 294 576 Guns 1013 | 143 294 576 Cannons . | . . . Explosions . | . . . Melee . | . . . Ramming . | . . . Kinetic 749 | 74 239 436 Thermal 264 | 69 55 140 Explosive . | . . . Electromagnetic . | . . . Impact . | . . . Slashing . | . . . Piercing . | . . . Highest Corruption . | . . . Average Corruption . | . . . Corruption Purged . | . . . Overload Shots . | . . . Overflow Damage . | . . . Projectiles . | . . . Explosions . | . . . Melee . | . . . Knockbacks . | . . . Impact . | . . . Kinetic . | . . . Secondary . | . . . Self-Inflicted Damage . | . . . Shots . | . . . Rammed . | . . . Targets Rammed . | . . . Kicked . | . . . Crushed . | . . . Highest Temperature 78 | . 78 34 Average Temperature 21 | . 35 9 Received Heat Transfer 465 | . 222 243 Siege Activations . | . . . Robots Corrupted . | . . . Combat Hostiles . | . . . Parts Fried . | . . . Impact Corruptions . | . . . Robots Melted . | . . . Combat Hostiles . | . . . Parts Melted . | . . . Heat Transferred 600 | 150 125 325 Parts Sabotaged . | . . . Parts Stolen . | . . . Parts Stripped . | . . . Power Chain Reactions . | . . . Missiles Intercepted . | . . . Alert | -11 -10 -9 ------- Run | Scr Mat Mat Peak Influence 187 | 10 120 187 Initial 56 | . 6 56 Average 79 | 6 70 84 Maximum Alert Level . | . . . Low Security (%) 100 | 100 100 100 Level 1 . | . . . Level 2 . | . . . Level 3 . | . . . Level 4 . | . . . Level 5 . | . . . High Security . | . . . Max Security . | . . . Squads Dispatched 5 | . 3 2 Investigation . | . . . Extermination . | . . . Reinforcement 5 | . 3 2 Assault . | . . . Garrison . | . . . Intercept . | . . . Construction Impeded . | . . . Haulers Reinforced . | . . . Stealth | -11 -10 -9 --------- Run | Scr Mat Mat Distress Signals 2 | . 1 1 Communications Jammed . | . . . Distress Signals . | . . . Times Spotted 29 | . 9 20 Peak Tracking Total 5 | . 3 5 Tactical Retreats 6 | . 1 5 Traps | -11 -10 -9 ------- Run | Scr Mat Mat Traps Triggered . | . . . Indirectly . | . . . Trap Hack Attempts . | . . . Triggered . | . . . Disarmed . | . . . Reprogrammed . | . . . Reused . | . . . Traps Extracted . | . . . Installed . | . . . Triggered . | . . . Machines | -11 -10 -9 ---------- Run | Scr Mat Mat Machines Disabled . | . . . Max in Single Turn . | . . . Machines Sabotaged . | . . . Garrisons Compromised . | . . . Overloaded Fab Kills . | . . . Fab Network Shutdowns . | . . . Hacking | -11 -10 -9 --------- Run | Scr Mat Mat Machines Accessed 3 | . 1 2 Terminals 3 | . 1 2 Fabricators . | . . . Repair Stations . | . . . Recycling Units . | . . . Scanalyzers . | . . . Garrison Access . | . . . Total Hacks 4 | . 1 3 Successful 4 | . 1 3 Failed . | . . . Catastrophic . | . . . Database Lockouts . | . . . Manual 2 | . . 2 Terminals 4 | . 1 3 Fabricators . | . . . Repair Stations . | . . . Recycling Units . | . . . Scanalyzers . | . . . Garrison Access . | . . . Terminal Hacks 2 | . 1 1 Locate Traps 1 | . . 1 Hauler Manifests 1 | . 1 . Fabricator Hacks . | . . . Repair Station Hacks . | . . . Recycling Unit Hacks . | . . . Scanalyzer . | . . . Garrison Access Hacks . | . . . Unauthorized Hacks 2 | . . 2 Terminals 2 | . . 2 Track 2 | . . 2 Fabricators . | . . . Repair Stations . | . . . Recycling Units . | . . . Scanalyzers . | . . . Garrison Access . | . . . Data Cores Recovered . | . . . Used . | . . . Hacking Detections 2 | . 1 1 Full Trace Events . | . . . Feedback Events . | . . . Feedback Blocked . | . . . Robot Schematics Acquired . | . . . Robots Built . | . . . Matter . | . . . Time . | . . . Total Robot Build Rating . | . . . Part Schematics Acquired . | . . . Parts Built . | . . . Matter . | . . . Time . | . . . Total Part Build Rating . | . . . Parts Repaired . | . . . Time . | . . . Parts Recycled . | . . . Recycled Matter . | . . . Retrieved Matter . | . . . Retrieved Components . | . . . Parts Scanalyzed . | . . . Part Schematics Acquired . | . . . Parts Damaged . | . . . Bothacking | -11 -10 -9 ------------ Run | Scr Mat Mat Used RIF Installer . | . . . Robots Hacked . | . . . Non-combat . | . . . Combat . | . . . Robot Hacks Applied . | . . . Relay Couplers Released . | . . . Robots Rewired . | . . . Allies Hacked . | . . . Hacks Repelled . | . . . Allies | -11 -10 -9 -------- Run | Scr Mat Mat Total Allies . | . . . Largest Group . | . . . Highest-Rated Group . | . . . Highest-Rated Ally . | . . . Total Orders . | . . . Ally Attacks . | . . . Total Damage . | . . . Kills . | . . . Allies Corrupted . | . . . Allies Melted . | . . . Intel | -11 -10 -9 ------- Run | Scr Mat Mat Robot Analysis Total . | . . . Derelict Logs Recovered . | . . . Drone Launches . | . . . Drone Recoveries . | . . . Exploration | -11 -10 -9 ------------- Run | Scr Mat Mat Turns Passed 1450 | 46 249 1155 Spaces Moved 731 | 20 142 569 Core . | . . . Treads . | . . . Legs 730 | 20 142 568 Wheels . | . . . Hover . | . . . Flight 1 | . . 1 Fastest Speed 120 | 120 120 120 Average Speed 122 | 120 120 123 Slowest Speed 385 | 120 120 385 Overloaded Moves . | . . . Propulsion Burnouts . | . . . Robots Hopped . | . . . Cave-ins Triggered . | . . . Exploration Rate (%) 29 | 3 38 46 Regions Visited 2 Branch Regions . Pre-discovered Areas . | . . . Known Exits Taken . | . . . Unknown Exits Taken 2 | 1 1 . Scrap Searched . | . . . Spaces Dug . | . . . Terrain Destroyed . | . . . Melee . | . . . Projectile . | . . . AOE . | . . . Terrain Rammed . | . . . Walls Destroyed . | . . . Machines Disabled . | . . . Actions | -11 -10 -9 --------- Run | Scr Mat Mat Total 1117 | 27 179 911 Wait 209 | . . 209 Move 729 | 19 141 569 Hop . | . . . Pick Up 14 | . 3 11 Fast Attach 10 | 1 1 8 Attach 4 | . . 4 Detach 2 | . . 2 Swap 12 | . 3 9 Drop 21 | . 5 16 Fire 116 | 7 26 83 Melee . | . . . Ram . | . . . Kick . | . . . Crush . | . . . Escape Stasis . | . . . Rewire . | . . . Trap . | . . . Miscellaneous . | . . . Route ------- -11/Scrapyard -10/Materials (discovered 2 exits: *Mat / [*Min]) -9/Materials (discovered 2 exits: [*Mat] / [*Min]) History --------- Turn | Location | Event 23 | -11/Scrapyard | Discovered new exit (range 3) 47 | -11/Scrapyard | Entered Materials 145 | -10/Materials | Discovered new exit (range 6) 294 | -10/Materials | Discovered new exit (range 3) 296 | -10/Materials | Entered another Materials area 296 | -9/Materials | Evolved 2 slots: Utility x2 645 | -9/Materials | Discovered new exit (range 5) 1207 | -9/Materials | Build established: Scavenger-Mutant 1323 | -9/Materials | Discovered new exit (range 10) 1451 | -9/Materials | Self-destructed Last Messages --------------- 01203_ S-10 Pest destroyed. 01206_ K-01 Serf destroyed. 01209_ Acquired 14 matter. 01236_ S-10 Pest destroyed. 01251_ K-01 Serf cleans the Terminal. 01273_ Dropped Sml. Storage Unit. 01276_ Acquired Lrg. Storage Unit. 01318_ K-01 Serf cleans the Terminal. 01323_ EXIT=FOUND 01332_ Acquired 30 matter. 01335_ Acquired 22 matter. 01341_ Acquired Med. Matter Pod. 01352_ Acquired 20 matter. 01366_ Acquired Prototype Flight Unit. 01366_ Identified Imp. Flight Unit. 01371_ Acquired Imp. Flight Unit. 01372_ Dropped Lgt. Armor Plating. 01390_ Acquired 19 matter. 01439_ O-16 Technician: "IFF HANDSHAKE FAILED. SECURING TERMINAL." 01449_ ALERT: Hostiles spotted, dispatching reinforcements to Terminal M012. Map ----- +----------------------------------------------------+ | ?????????????????????????????????????????????????? | | ?????????????????????????????????????????????????? | | ?????????????????????????????????????????????????? | | ?????????????????????????????????????????????????? | | ?????????????????????????????????????????????????? | | ?????????????????????????????????????????????????? | | ?????????????????????????????????????????????????? | | ?????????????????????????????????????????????????? | | ?????????????????????????????????????????????????? | | ?????????????????????????????????????????????????? | | ?????????????????????????????????????????????????? | | ?????????????????????????????????????????????????? | | ?????????????????????????????????????????????????? | | ?????????????????????????????????????????????????? | | ?????????????????????????????????????????????????? | | ???????????????????????????????????????????###???? | | ?????????????????????????????????????????### ##### | | ?????????????????????????????????????????# % | | ?????????????????????????????????????????# | | ??????????????????????########???????????# | | ????????????????????# # """" #???????????# | | ????????????????????# # """" #???????????# == | | ????????????????????# # """" #???????????# == | | ????????????????????# # #???????????# =! | | ????????????????????# # ] #???????????# | | ????????????????????# # @ #???######### | | ??????????????####### ####+####### ##+####+# | | ???????????? # | | ??????????????????# < | | ??????????????????# #### | | ??????????????????# ######" "## #??? | | ??????????????????# #????#" "! "## #### | | ???????????????" + #????#"""""""## | | ???????????????" # #?############# | | ??????????????????# #? ??????????# ^ | | ??????????????????# # ???????????# ^! ! | | ############### # ????????????# !!! | | +?????????????# !!! | | ######## #?????????????# | | ???????????# #? ???????????# | | ???????????# |||##?????????????######+# | | ???????????# """ || #? ???????????????????? | | ????????#### """"" || #?????????????????????? | | ???????##!! """"" #?????????????????????? | | ???????#! """"" #??????????????"??????? | | ???????#! """ #?????????????????????? | | ???????# ########???#??????????? | | ???????#! "T" + #??????????????? | | ???????##!! # #??????????????? | | ????????#### # #??#???????????? | +----------------------------------------------------+ Best States ------------- Heat Dissipation 28 Energy Generation 12 Energy Capacity 265 Matter Stores 322 Matter Capacity 450 Sight Range 16 Robot Scan Range 10 Terrain Scan Range 16 Terrain Scan Density 10 ECM Strength 4 Armor Coverage 150 Core Shielding 20 Evasion (%) 40 Item Schematics ----------------- None Robot Schematics ------------------ None Fabricated ------------ Nothing Alien Tech Used ----------------- None Achievements -------------- None Challenges ------------ None Game ------ Seed MediumTerrabombKit Manual? 0 Play Time 00:20:50 Cumulative 30.9 hours Start 2021.02.09 @ 22:13:42 End 2021.02.09 @ 22:32:05 Sessions 1 Manual Loads 0 Difficulty Rogue Special Mode None Game No. 37 Rogue 33 Adventurer 0 Explorer 4 Win Type - Total 0 Types 0/0/0/0/0/0/0/0/0 Lore% 15 Gallery% 25 Achievement% 21 Wizard Run 0 Options --------- ASCII 0 Keyboard 1 Movement Arrows Keybinds 0 Fullscreen 2 Font 24/Terminus Map View 113x50 Tactical HUD 1 Map Filters NONE Filters NONE Steam 1 RUN: 34b08594-630b-4290-af89-52347ce17e9d